 Dungeon Crawl Stone Soup version 0.15-a0-1113-g220e614 (console) character file.

213 gw the Cudgeler (level 5, 0/55 HPs)
             Began as an Ogre Berserker on May 28, 2014.
             Was a Believer of Trog.
             Slain by a wyvern (17 damage)
             ... on Level 3 of the Dungeon.
             The game lasted 00:01:51 (2676 turns).

gw the Cudgeler (Ogre Berserker)                    Turns: 2676, Time: 00:01:51

HP   0/55        AC  6     Str 22      XL: 5   Next: 90%
MP   5/5         EV 11     Int  6      God: Trog [**....]
Gold 0           SH  0     Dex 10      Spells:  0 memorised,  4 levels left

rFire  . . .     SeeInvis +     r - +0 morningstar
rCold  . . .     Clarity  .     b - +0 animal skin
rNeg   . . .     Conserve .     (shield restricted)
rPois  .         rCorr    .     (helmet restricted)
rElec  .         rRot     .     j - +2 cloak {MR+}
SustAb .         Spirit   .     (gloves unavailable)
rMut   .         Warding  .     (boots unavailable)
Gourm  .         Stasis   .     (no amulet)
MR     +++..                    (no ring)
                                n - ring of see invisible

@: regenerating, extremely resistant to hostile enchantments, very unstealthy
A: unfitting armour, tough skin 1
a: Burn Spellbooks, Berserk, Trog's Hand, Renounce Religion


You were on level 3 of the Dungeon.
You worshipped Trog.
Trog was pleased with you.
You were very hungry.

You visited 1 branch of the dungeon, and saw 3 of its levels.

Inventory:

Hand weapons
 r - a +0,+0 morningstar (weapon)
Missiles
 d - 27 darts (quivered)
 g - 2 tomahawks
 i - 64 stones
Armour
 b - a +0 animal skin (worn)
 j - a +2 cloak of magic resistance (worn)
Comestibles
 c - 4 meat rations
 k - a bread ration
 m - a beef jerky
 p - a slice of pizza
 q - 8 fruits
Scrolls
 a - a scroll of amnesia {unknown}
 f - 5 scrolls of identify
 h - a scroll of random uselessness
 l - a scroll of remove curse
Jewellery
 n - a ring of see invisible (left hand)
Potions
 e - a potion of curing {unknown}
 o - a potion of poison {unknown}


   Skills:
 + Level 4.7 Fighting
 * Level 6.3 Maces & Flails
 + Level 2.4 Throwing
 + Level 3.8 Dodging


You had 4 spell levels left.
You didn't know any spells.

Dungeon Overview and Level Annotations

Branches:
Dungeon (3/15)

Altars:
Trog
Xom
Yredelemnul
The Shining One


Innate Abilities, Weirdness & Mutations

You are too large for most types of armour.
You have tough skin (AC +1).


Message History

MOVING TO (6,8)
You are feeling very hungry.
MOVING TO (5,8)
The wyvern barely misses you.
FLEEEEING!
MOVING TO (8,8) MOVING TO (7,8)
The wyvern bites you!
MOVING TO (6,8)
Your skin stops crawling.
You feel less resistant to hostile enchantments.
MOVING TO (5,8)
The wyvern bites you.
Use which ability? (? or * to list)
Your skin crawls.
You feel resistant to hostile enchantments.
You feel slightly more hungry. The wyvern barely misses you.
MOVING TO (8,8)
The wyvern bites you!
You die...

.# #............# #.# .#
#............# #.# .#
#............# #.# .#
#............# #.# .#
#............# #.# .#
#............# #.#
.####....$.......#####.#
.$.....................#
.........>.....DO......#
########################


You could see a wyvern.

Table legend:
 A = Turns spent in this place as a percentage of turns spent in the entire game.
 B = Non-inter-level travel turns spent in this place as a percentage of non-inter-level travel turns spent in the entire game.
 C = Inter-level travel turns spent in this place as a percentage of turns spent in this place.
 D = Turns resting spent in this place as a percentage of non-inter-level travel turns spent in this place.
 E = Turns spent auto-exploring this place as a percentage of non-inter-level travel turns spent in this place.
 F = Non-inter-level travel turns spent in this place divided by the number of levels of this place that you've seen.
                   A       B       C       D       E      F
               +-------+-------+-------+-------+-------+----------------------
         Total | 100.0 | 100.0 |   1.2 |   7.5 |  23.2 | 195.7
       Dungeon | 100.0 | 100.0 |   1.2 |   7.5 |  23.2 | 195.7
               +-------+-------+-------+-------+-------+----------------------

Table legend:
 A = Kills in this place as a percentage of kills in entire the game.
 B = Kills by you in this place as a percentage of kills by you in the entire game.
 C = Kills by friends in this place as a percentage of kills by friends in the entire game.
 D = Other kills in this place as a percentage of other kills in the entire game.
 E = Experience gained in this place as a percentage of experience gained in the entire game.
 F = Experience gained in this place divided by the number of levels of this place that you have seen.
                   A       B       C       D       E      F
               +-------+-------+-------+-------+-------+----------------------
         Total | 100.0 | 100.0 |  -nan |  -nan | 100.0 | 101.7
       Dungeon | 100.0 | 100.0 |  -nan |  -nan | 100.0 | 101.7
               +-------+-------+-------+-------+-------+----------------------

Vanquished Creatures
  An orc priest (D:3)
  A hound (D:3)
  An orc wizard (D:3)
  4 gnolls (D:3)
  2 adders
  3 worms
  2 giant geckos (D:3)
  7 orcs (D:3)
  6 hobgoblins
  7 kobolds
  3 ball pythons (D:2)
  5 bats
  4 giant newts
  6 goblins
  A quokka (D:3)
  5 rats
58 creatures vanquished.

Notes
Turn   | Place    | Note
--------------------------------------------------------------
     0 | D:1      | gw, the Ogre Berserker, began the quest for the Orb.
     0 | D:1      | Reached XP level 1. HP: 24/24 MP: 1/1
   264 | D:1      | Reached XP level 2. HP: 32/32 MP: 2/2
   638 | D:2      | Found a basalt altar of Yredelemnul.
   639 | D:2      | Noticed a profane servitor
   858 | D:2      | Reached skill level 1 in Throwing
   858 | D:2      | Reached XP level 3. HP: 40/40 MP: 3/3
   860 | D:2      | Acquired Trog's second power
  1285 | D:2      | Found a shimmering altar of Xom.
  1316 | D:2      | Reached skill level 5 in Maces & Flails
  1352 | D:2      | Found a glowing golden altar of the Shining One.
  1353 | D:2      | Noticed an angel
  1775 | D:3      | Reached XP level 4. HP: 49/49 MP: 4/4
  1912 | D:3      | Reached XP level 5. HP: 53/55 MP: 5/5
  2011 | D:3      | Reached skill level 6 in Maces & Flails
  2256 | D:3      | Found a bloodstained altar of Trog.
  2581 | D:3      | Noticed a wyvern
  2676 | D:3      | Slain by a wyvern

Action                   |  1- 3 |  4- 6 || total
-------------------------+-------+-------++-------
Melee: Mace              |    72 |     2 ||    74
       Flail             |       |    39 ||    39
Throw: Stone             |    33 |       ||    33
       Dart              |    62 |    30 ||    92
Invok: Berserk           |     2 |       ||     2
       Trog's Hand       |     1 |     5 ||     6
  Use: Scroll            |     9 |     2 ||    11
       Potion            |     2 |       ||     2

Vault maps used:
D:1:      roderic_crossed_star
D:2:      grunt_temple_overflow_holy_war, nicolae_overflow_hidden_temple,
          dk_noncrumbling_4
D:3:      lightli_temple_of_fire, serial_glass, glass_columns_a, glass_columns_b
